 Dungeon Crawl Stone Soup version 0.23.2-33-g5129a83184 (webtiles) character file.

Game seed: 1267053925056891683

172 psyvane the Conjurer (level 5, -4/31 HPs)
             Began as an Octopode Conjurer on July 6, 2019.
             Slain by grocchini's ghost (14 damage)
             ... on level 3 of the Dungeon.
             The game lasted 00:12:11 (3120 turns).

psyvane the Conjurer (Octopode Conjurer)            Turns: 3120, Time: 00:12:11

Health: -4/31      AC:  1    Str:  7    XL:     5   Next: 52%
Magic:  5/10       EV: 13    Int: 18    God:
Gold:   239        SH:  0    Dex: 13    Spells: 5/11 levels left

rFire    . . .     SeeInvis .   (no weapon)
rCold    + . .     Gourm    .   (no shield)
rNeg     . . .     Faith    .   (helmet restricted)
rPois    .         Spirit   .   (no amulet)
rElec    .         Reflect  .   a - ring of protection from cold
rCorr    .         Harm     .   i - ring of teleportation (curse)
MR       .....     Rnd*Tele +   (no ring)
Stlth    +++.......             (no ring)
HPRegen  0.10/turn              (no ring)
MPRegen  0.12/turn              (no ring)
                                (no ring)
                                (no ring)

@: invisible
A: almost no armour, stealthy swim, amphibious, 8 rings, constrict 8, camouflage
1, gelatinous body 1
a: no special abilities


You were on level 3 of the Dungeon.
You were not hungry.

You visited 1 branch of the dungeon, and saw 3 of its levels.

You collected 239 gold pieces.

Inventory:

Jewellery
 a - a ring of protection from cold (left tentacle)
 i - a cursed ring of teleportation (right tentacle)
Wands
 c - a wand of flame (11)
Scrolls
 d - a scroll of enchant armour
 k - a scroll of fog {unknown}
 l - a scroll of remove curse {unknown}
Potions
 h - a potion of ambrosia
 j - a potion of degeneration
Comestibles
 b - 5 rations


   Skills:
 - Level 2.0 Dodging
 - Level 2.6 Stealth
 * Level 3.7 Spellcasting
 - Level 5.5 Conjurations


You had 5 spell levels left.
You knew the following spells:

 Your Spells              Type           Power        Failure   Level  Hunger
a - Magic Dart            Conj           ###.         1%          1    None
b - Searing Ray           Conj           ###...       2%          2    ##.....
c - Dazzling Spray        Conj/Hex       ##....       14%         3    ###....

Your spell library contained the following spells:

 Spells                   Type           Power        Failure   Level  Hunger
 Iskenderun's Mystic Bla  Conj           ###.....     16%         4    ####...
 Force Lance              Conj/Tloc      ##......     43%         4    ####...
 Fulminant Prism          Conj/Hex       ##........   43%         4    ####...


Dungeon Overview and Level Annotations

Branches:
Dungeon (3/15)

Altars:
Yredelemnul

Annotations:
D:3 grocchini's ghost, amateur OgBe


Innate Abilities, Weirdness & Mutations

You cannot wear most types of armour.
You are very stealthy in the water. (Stealth+)
You are amphibious.
You can wear up to eight rings at the same time.
You can use your tentacles to constrict eight enemies at once.
Your skin changes colour to match your surroundings (Stealth+).
Your rubbery body absorbs attacks. (AC +1, EV +1)


Message History

Grocchini's ghost hits you.
The searing ray hits grocchini's ghost but does no damage.
Grocchini's ghost is lightly damaged.
Grocchini's ghost completely misses you.
The searing ray hits grocchini's ghost.
Grocchini's ghost is lightly damaged.
Grocchini's ghost closely misses you.
The searing ray misses grocchini's ghost.
You finish channeling your searing ray.
Grocchini's ghost hits you!
Casting: Searing Ray (safe; 2% risk of failure)
Confirm with . or Enter, or press ? or * to list all spells.
Aiming: Magic Dart (safe; 1% risk of failure)
Press: ? - help, Shift-Dir - straight line, f/p - grocchini's ghost
Aim: grocchini's ghost (lightly damaged)
The magic dart hits grocchini's ghost but does no damage.
Grocchini's ghost is lightly damaged.
Grocchini's ghost hits you!
You fade into invisibility!
Grocchini's ghost hits you!
You die...

.#.#######....####..##⌠##........
...# ######....##...##.......
.#### #...##..!..##...... ....#
#...'...♣..⌠#...... ##.##
#...##..%..##...... ##.#####
#....##?..##....... .......#
#.....##⌠##..#####. .......#
#.W....###...# ## .......#
###.@..........# # .......#
#..............# # .......#
#.....####'########## ##'#.###
#.....# #........... #...<.#
#.....# #........... #.....#
#.)...# #........... #.....#
#.....# #........... ......#
#.....# #.##########
##.#.########.....# #.#


You could see grocchini's ghost.

Vanquished Creatures
  A phantom (D:3)
  3 adders
  A dart slug (D:1)
  2 leopard geckos (D:3)
  An orc (D:3)
  3 giant cockroaches
  6 goblins
  10 hobgoblins
  11 kobolds
  2 ball pythons (D:2)
  8 bats
  2 frilled lizards (D:1)
  8 rats
58 creatures vanquished.

Notes
Turn   | Place    | Note
-------+----------+-------------------------------------------
     0 | D:1      | psyvane the Octopode Conjurer began the quest for the Orb.
     0 | D:1      | Reached XP level 1. HP: 11/11 MP: 3/3
   168 | D:1      | Reached XP level 2. HP: 10/17 MP: 0/5
   172 | D:1      | Learned a level 2 spell: Searing Ray
  1109 | D:2      | Reached skill level 5 in Conjurations
  1109 | D:2      | Reached XP level 3. HP: 17/21 MP: 0/6
  1573 | D:2      | Learned a level 3 spell: Dazzling Spray
  2079 | D:3      | Reached XP level 4. HP: 24/27 MP: 0/7
  2176 | D:3      | Noticed grocchini's ghost (amateur OgBe)
  2179 | D:3      | Found a runed translucent door.
  2387 | D:3      | Noticed a phantom
  2502 | D:3      | Killed a phantom
  2502 | D:3      | Reached XP level 5. HP: 10/31 MP: 0/10
  2897 | D:3      | Found a basalt altar of Yredelemnul.
  3120 | D:3      | Slain by grocchini's ghost

Skill      XL: |  1  2  3  4 |
---------------+-------------+-----
Conjurations   | 5 |  5.5
Spellcasting   | 3 |  3.7
Dodging        | |  2.0
Stealth        | |  2.6

Action                   |  1- 3 |  4- 6 || total
-------------------------+-------+-------++-------
Melee: Unarmed           |    18 |     9 ||    27
       Constrict         |     6 |     2 ||     8
       Tentacles         |     2 |     2 ||     4
 Cast: Magic Dart        |    63 |    40 ||   103
       Searing Ray       |     3 |     2 ||     5
  Use: Scroll            |     3 |     3 ||     6
       Potion            |     1 |     1 ||     2
  Eat: Chunk             |     5 |     3 ||     8
Armor: Skin              |     3 |       ||     3
Dodge: Dodged            |    16 |     8 ||    24
